 Dungeon Crawl Stone Soup version 0.21.1-68-g103a7afc0a (webtiles) character file.

667 Raybro228 the Chopper (level 7, 0/58 HPs)
             Began as a Minotaur Fighter on Aug 3, 2018.
             Slain by Pikel
             ... wielding a +2 whip of freezing
              (10 damage)
             ... on level 5 of the Dungeon.
             The game lasted 00:11:45 (2379 turns).

Raybro228 the Chopper (Minotaur Fighter)            Turns: 2379, Time: 00:11:45

Health: 0/58       AC: 11    Str: 28    XL:     7   Next: 31%
Magic:  6/6        EV:  6    Int:  5    God:
Gold:   162        SH: 10    Dex:  9    Spells: 6/6 levels left

rFire    . . .     SeeInvis .   a - +0 war axe
rCold    . . .     Gourm    .   c - +0 shield
rNeg     . . .     Faith    .   l - +0 chain mail
rPois    .         Spirit   .   (helmet restricted)
rElec    .         Reflect  .   (no cloak)
rCorr    .         Harm     .   p - +0 pair of gloves
MR       .....                  (no boots)
Stlth    ..........             (no amulet)
HPRegen  0.19/turn              (no ring)
MPRegen  0.10/turn              (no ring)

@: mighty
A: retaliatory headbutt, horns 2
a: no special abilities


You were on level 5 of the Dungeon.
You were hungry.

You visited 1 branch of the dungeon, and saw 5 of its levels.

You collected 162 gold pieces.

Inventory:

Hand Weapons
 a - a +0 war axe (weapon)
Armour
 c - a +0 shield (worn)
 l - a +0 chain mail (worn)
 p - a +0 pair of gloves (worn)
Jewellery
 b - an uncursed amulet of faith {unknown}
Scrolls
 d - a scroll of enchant armour {unknown}
 e - 3 scrolls of identify
 g - a scroll of remove curse
 j - 3 scrolls of teleportation {unknown}
 m - 2 scrolls of amnesia {unknown}
 n - a scroll of noise {unknown}
Potions
 h - 4 potions of brilliance
 i - a potion of mutation {unknown}
 o - a potion of heal wounds {unknown}
 q - a potion of cancellation {unknown}
Comestibles
 f - 9 rations


   Skills:
 - Level 3.7 Fighting
 - Level 7.8 Axes
 - Level 7.0 Armour
 + Level 3.7 Shields


You had 6 spell levels left.
You didn't know any spells.

Dungeon Overview and Level Annotations

Branches:
Dungeon (5/15)
 Temple: D:4-7

Altars:
Dithmenos
Okawaru
Trog
Uskayaw
Vehumet

Annotations:
D:5 Pikel


Innate Abilities, Weirdness & Mutations

You reflexively headbutt those who attack you in melee.
You have a pair of horns on your head.


Message History

Pikel hits you but does no damage.
You feel very mighty all of a sudden. Pikel barely misses you.
You closely miss Pikel.
Pikel is lightly wounded.
Pikel hits you with a whip of freezing. Pikel freezes you.
Pikel hits you but does no damage.
You barely miss Pikel.
Pikel is lightly wounded.
Pikel hits you with a whip of freezing. Pikel freezes you.
Pikel hits you with a whip of freezing. Pikel freezes you.
You closely miss Pikel.
Pikel is lightly wounded.
You hear the slow rusting of a very distant drain.
Pikel hits you with a whip of freezing!
* * * LOW HITPOINT WARNING * * *
Pikel freezes you.
* * * LOW HITPOINT WARNING * * *
Pikel hits you with a whip of freezing!
You die...

#######....#
#..........#
#..........#
#..........#
##..........#
p......<....#
#..(....p..p#
######....#K#
######@#
#......#
#.######


You could see Pikel (berserk) and a slave.

Vanquished Creatures
  Menkaure (D:4)
  2 slaves (D:5)
  A centaur (D:4)
  A scorpion (D:4)
  A crimson imp (D:4)
  A hound (D:4)
  A gnoll shaman (D:4)
  2 orc priests (D:4)
  The ghost of Raybro228 the Scratcher, a weakling FeTm (D:3)
  An orc wizard (D:4)
  4 worker ants
  4 gnolls (D:4)
  2 adders
  2 worms (D:3)
  A dart slug (D:4)
  2 leopard geckos
  4 orcs
  A ball python (D:1)
  6 bats
  2 giant cockroaches
  4 goblins
  4 hobgoblins
  8 jackals
  A kobold (D:1)
  2 frilled lizards
  A leopard gecko skeleton (D:4)
  3 rats
63 creatures vanquished.

Notes
Turn   | Place    | Note
-------+----------+-------------------------------------------
     0 | D:1      | Raybro228 the Minotaur Fighter began the quest for the Orb.
     0 | D:1      | Reached XP level 1. HP: 19/19 MP: 0/0
   318 | D:1      | Reached XP level 2. HP: 27/27 MP: 1/1
   637 | D:2      | You fall through a shaft!
   637 | D:3      | Noticed Raybro228's ghost (weakling FeTm)
   648 | D:3      | Killed Raybro228's ghost
   648 | D:3      | Reached XP level 3. HP: 20/33 MP: 2/2
   830 | D:3      | Reached skill level 5 in Axes
   844 | D:3      | Reached XP level 4. HP: 38/40 MP: 3/3
  1359 | D:3      | Found a bloodstained altar of Trog.
  1361 | D:3      | Found a hide-covered altar of Uskayaw.
  1488 | D:4      | Reached XP level 5. HP: 22/46 MP: 4/4
  1495 | D:4      | Noticed Menkaure
  1496 | D:4      | Killed Menkaure
  1496 | D:4      | Reached XP level 6. HP: 27/52 MP: 5/5
  1793 | D:4      | Reached skill level 5 in Armour
  1793 | D:4      | Reached XP level 7. HP: 51/58 MP: 6/6
  1853 | D:4      | Found a radiant altar of Vehumet.
  1888 | D:4      | Found an iron altar of Okawaru.
  1892 | D:4      | Found a shadowy altar of Dithmenos.
  2334 | D:5      | Entered Level 5 of the Dungeon
  2364 | D:5      | Noticed Pikel
  2379 | D:5      | Slain by Pikel

Skill      XL: |  1  2  3  4  5  6  7 |
---------------+----------------------+-----
Axes           | 3 4 5 6 7 |  7.8
Armour         | 5 7 |  7.0
Fighting       | |  3.7
Shields        | |  3.7

Action                   |  1- 3 |  4- 6 |  7- 9 || total
-------------------------+-------+-------+-------++-------
Melee: War axe           |    49 |    53 |    55 ||   157
       Headbutt          |     6 |     7 |     9 ||    22
  Use: Potion            |     1 |     3 |     1 ||     5
       Scroll            |     1 |     1 |       ||     2
  Eat: Chunk             |       |     2 |     2 ||     4
Armor: Scale mail        |    21 |    25 |       ||    46
       Chain mail        |       |     6 |    25 ||    31
Dodge: Dodged            |    19 |    18 |    17 ||    54
Block: Shield            |    18 |    38 |    29 ||    85
